 Dungeon Crawl Stone Soup version 0.27-a0-412-g8dd771eca2 (webtiles) character file.

Game seed: 14629443734648737935

236 Morbidden the Slasher (level 5, -1/39 HPs)
             Began as a Demonspawn Gladiator on Feb 24, 2021.
             Slain by a killer bee (7 damage)
             ... on level 3 of the Dungeon.
             The game lasted 00:02:41 (3294 turns).

Morbidden the Slasher (Demonspawn Gladiator)        Turns: 3294, Time: 00:02:41

Health: -1/39      AC:  8    Str: 14    XL:     5   Next: 77%
Magic:  5/5        EV: 14    Int: 10    God:
Gold:   172        SH:  0    Dex: 21    Spells: 4/4 levels left

rFire    . . .     SeeInvis .   a - +0 long sword
rCold    . . .     Faith    .   (no shield)
rNeg     . . .     Spirit   .   o - +3 leather armour
rPois    .         Reflect  .   c - +0 helmet
rElec    .         Harm     .   v - +0 cloak
rCorr    .         Rampage  .   (no gloves)
Will     .....                  (no boots)
Stlth    ++........             (no amulet)
HPRegen  0.13/turn              i - +4 ring of slaying
MPRegen  0.09/turn              t - +6 ring of dexterity

@: lethally poisoned (-1 -> -7), hasted, very quick
A: demonic guardian 2, ignite blood 1
a: no special abilities


You were on level 3 of the Dungeon.
You visited 1 branch of the dungeon, and saw 4 of its levels.

You collected 172 gold pieces.

Inventory:

Hand Weapons
 a - a +0 long sword (weapon)
 b - a +0 hunting sling
Missiles
 d - 3 throwing nets (quivered)
 k - 91 stones
Armour
 c - a +0 helmet (worn)
 o - a +3 leather armour (worn)
 v - a +0 cloak (worn)
Jewellery
 i - a +4 ring of slaying (left hand)
 m - a ring of ice
 t - a +6 ring of dexterity (right hand)
Scrolls
 f - a scroll of identify {unknown}
 h - a scroll of blinking {unknown}
 l - a scroll of immolation {unknown}
 n - a scroll of noise {unknown}
 p - 2 scrolls of enchant armour {unknown}
 s - a scroll of enchant weapon {unknown}
Potions
 e - a potion of haste
 g - a potion of heal wounds {unknown}
 j - a potion of lignification {unknown}
 q - a potion of attraction {unknown}
 r - a potion of berserk rage {unknown}
 u - a potion of curing {unknown}


   Skills:
 + Level 2.5 Fighting
 + Level 3.5 Long Blades
 + Level 3.1(3.4) Slings
 + Level 1.9(2.8) Throwing
 + Level 1.5 Armour
 + Level 3.3 Dodging
 + Level 0.4 Stealth


You had 4 spell levels left.
You didn't know any spells.
Your spell library was empty.

Dungeon Overview and Level Annotations

Branches:
Dungeon (4/15)
 Temple: D:4-7

Altars:
Elyvilon
Yredelemnul
The Shining One


Innate Abilities, Weirdness & Mutations

A demonic guardian rushes to your aid.
Your demonic aura sometimes causes spilled blood to erupt in flames


Message History

You are too injured to fight recklessly!
Unknown command.
You are too injured to fight recklessly!
Unknown command.
You miss the killer bee. The killer bee closely misses you.
You riposte.
You hit the killer bee.
The killer bee is almost dead.
The killer bee misses you. The frilled lizard barely misses you.
The killer bee stings you but does no damage.
The killer bee closely misses you.
You riposte.
You miss the killer bee. The killer bee misses you.
The frilled lizard closely misses you.
You riposte.
You miss the frilled lizard. The killer bee closely misses you.
You riposte.
You hit the killer bee.
The killer bee is moderately wounded.
You hit the killer bee.
The killer bee is heavily wounded.
The killer bee misses you. The killer bee barely misses you.
Your hellwing hits the frilled lizard.
Your hellwing closely misses the frilled lizard.
The killer bee closely misses you. The killer bee stings you.
You are poisoned.
The killer bee poisons you!
The frilled lizard barely misses your hellwing.
You hit the killer bee.
The killer bee is severely wounded.
You feel sick. The killer bee closely misses you.
The killer bee stings you but does no damage.
The killer bee stings you.
* * * LOW HITPOINT WARNING * * *
The killer bee stings you.
* * * LOW HITPOINT WARNING * * *
Your hellwing barely misses the frilled lizard.
Your hellwing hits the frilled lizard.
The frilled lizard dies!
Unknown command.
Unknown command.
It was a potion of haste.
You feel yourself speed up.
* * * LOW HITPOINT WARNING * * *
You feel sick. The killer bee stings you!
You die...

<.......#.# #.##.#...............
.#.)....#.# #..#.#.######........
.#......#.###..#.#.# #........
.....)..#..........# #........
.......##..........# ######...
......)............# ###.
..########.........#############.
..'......'.........##............
..########.....4@...+.)..........
..# #.....†yy.##............
############'###'#..#............
#.........# #.#..#....########
#.######### #.#..#....# #.#
##'#..'....# #.##### #.(.###....#
#.....# #........### ####.....#
#....###.#


You could see 2 killer bees and a friendly hellwing (summoned).

Vanquished Creatures
  Crazy Yiuf (D:3)
  An orc priest (D:3)
  2 orc wizards (D:3)
  4 gnolls (D:2)
  An adder (D:2)
  5 worms
  A leopard gecko (D:2)
  8 orcs (D:3)
  6 bats
  6 goblins
  5 hobgoblins
  8 kobolds
  2 quokkas (D:2)
  A ball python (D:2)
  6 frilled lizards
  7 rats
64 creatures vanquished.

Vanquished Creatures (collateral kills)
  A frilled lizard (D:3)
1 creature vanquished.

Grand Total: 65 creatures vanquished

Notes
Turn   | Place    | Note
-------+----------+-------------------------------------------
     0 | D:1      | Morbidden the Demonspawn Gladiator began the quest for the
                  | Orb.
     0 | D:1      | Reached XP level 1. HP: 16/16 MP: 1/1
   356 | D:1      | Gained mutation: Your demonic aura sometimes causes spilled
                  | blood to erupt in flames [demonic ancestry]
   356 | D:1      | Reached XP level 2. HP: 22/22 MP: 2/2
  1374 | D:2      | Gained mutation: A weak demonic guardian rushes to your
                  | aid. [demonic ancestry]
  1374 | D:2      | Reached XP level 3. HP: 27/27 MP: 3/3
  1417 | D:2      | Found a glowing golden altar of the Shining One.
  1531 | D:2      | Reached skill level 1 in Armour
  1534 | D:2      | Reached XP level 4. HP: 33/33 MP: 4/4
  1562 | D:2      | Found a basalt altar of Yredelemnul.
  1791 | D:2      | Reached skill level 1 in Slings
  2006 | D:2      | Found a white marble altar of Elyvilon.
  2459 | D:3      | Gained mutation: A demonic guardian rushes to your aid.
                  | [demonic ancestry]
  2459 | D:3      | Reached XP level 5. HP: 39/39 MP: 5/5
  3032 | D:3      | Found a runed translucent door.
  3033 | D:3      | Noticed Crazy Yiuf
  3229 | D:3      | Killed Crazy Yiuf
  3294 | D:3      | Slain by a killer bee

Illustrated notes

Levels and vault maps discovered:
D:1:      dpeg_arrival_round_a, layout_basic
D:2:      layout_loops_ring, nicolae_overflow_crystal_walls, marbit_many_paths,
          tso_metal_star
D:3:      layout_basic, uniq_crazy_yiuf_cottage
D:4:      layout_rooms, nicolae_ossuary_entry_catacombs

Skill      XL: |  1  2  3  4  5 |
---------------+----------------+-----
Dodging        | 3 |  3.3
Long Blades    | 3 |  3.5
Armour         | 1 |  1.5
Slings         | 2 3 |  3.1
Fighting       | |  2.5
Throwing       | |  1.9
Stealth        | |  0.4

Action                   |  1- 3 |  4- 6 || total
-------------------------+-------+-------++-------
Melee: Long sword        |    63 |    15 ||    78
 Fire: Hunting sling     |    26 |    73 ||    99
  Use: Potion            |       |     1 ||     1
 Stab: Sleeping          |     1 |       ||     1
Armor: Leather armour    |    13 |     8 ||    21
Dodge: Dodged            |    44 |    37 ||    81
       Rpst.: Long sword |    15 |     8 ||    23

Table legend: (Time is in decaauts)
 A = Elapsed time spent in this place.
 B = Non-inter-level travel time spent in this place.
 C = Inter-level travel time spent in this place.
 D = Time resting spent in this place.
 E = Time spent auto-exploring this place.
 F = Levels seen in this place.
 G = Mean time per level.
                   A        B        C        D        E       F      G
               +--------+--------+--------+--------+--------+-----+--------+
         Total |   3307 |   3174 |    133 |      0 |   2742 |   4 |  826.8 |
       Dungeon |   3307 |   3174 |    133 |      0 |   2742 |   4 |  826.8 |
               +--------+--------+--------+--------+--------+-----+--------+

Top non-repeatable levels by time:
     D:1: 1360 daAuts
     D:3: 1031 daAuts
     D:2: 913 daAuts
     D:4: 1 daAuts
